 Dungeon Crawl Stone Soup version 0.29.1-2-gbd0b4ee654 (webtiles) character file.

Game seed: 9675652952385850065

11296 Rigoremortis the Spear-Bearer (level 11, -1/94 HPs)
             Began as a Demonspawn Gladiator on Nov 15, 2022.
             Slain by an ogre zombie (7 damage)
             ... on level 10 of the Dungeon.
             The game lasted 00:35:29 (11658 turns).

Rigoremortis the Spear-Bearer (DsGl)               Turns: 11658, Time: 00:35:30

Health: -1/94      AC: 20    Str: 22    XL:     11   Next: 47%
Magic:  11/11      EV: 17    Int:  9    God:
Gold:   641        SH:  0    Dex: 12    Spells: 10/10 levels left

rFire   + + +      SeeInvis +   p - +4 spear (chaos)
rCold   . . .      Faith    .   (no shield)
rNeg    + . .      Spirit   .   B - +8 chain mail of Gehenna {*Corrode rF+++ Regen+ Stlth+}
rPois   .          Reflect  .   (helmet unavailable)
rElec   .          Harm     .   k - +1 cloak
rCorr   .          Rampage  .   t - +2 pair of gloves
Will    .....                   (no boots)
Stlth   ..........              h - amulet of magic regeneration
HPRegen 1.05/turn               o - ring "Deune" {Fly rF+ EV+4}
MPRegen 0.64/turn               j - ring of positive energy

@: mighty, corroded, flying
A: antennae 3, repulsion field 2, magic regeneration, condensation shield,
clumsy 1, robust 1, strong 1
a: no special abilities


You were on level 10 of the Dungeon.
You visited 2 branches of the dungeon, and saw 11 of its levels.

You collected 695 gold pieces.
You spent 54 gold pieces at shops.

Inventory:

Hand Weapons
 a - a +0 war axe
 i - a +1 antimagic flail
 p - a +4 spear of chaos (weapon)
 u - a +2 trident of flaming
 E - a +3 bardiche
Missiles
 d - 5 throwing nets (quivered)
 e - a javelin
Armour
 b - a +0 leather armour
 c - a +0 helmet
 k - a +1 cloak (worn)
 t - a +2 pair of gloves (worn)
 y - a +0 scale mail
 B - the +8 chain mail of Gehenna (worn) {*Corrode rF+++ Regen+ Stlth+}
   (You found it on level 8 of the Dungeon)

   rF:        It renders you almost immune to fire.
   Regen:     It increases your rate of health regeneration.
   *Corrode:  It may corrode you when you take damage.
   Stlth:     It makes you more stealthy.
 F - a +0 plate armour
 H - a +0 troll leather armour
Jewellery
 f - a ring of wizardry
 h - an amulet of magic regeneration (around neck)
 j - a ring of positive energy (right hand)
 n - a ring of positive energy
 o - the ring "Deune" (left hand) {Fly rF+ EV+4}
   (You found it on level 2 of the Dungeon)

   [ring of evasion]

   EV:        It affects your evasion (+4).
   rF:        It protects you from fire.
   Fly:       It grants you flight.
 z - a ring of ice
Wands
 m - a wand of polymorph (11)
 w - a wand of light (8)
 C - a wand of roots (12)
Scrolls
 g - 5 scrolls of teleportation
 l - 9 scrolls of identify
 s - a scroll of magic mapping
 v - 3 scrolls of amnesia
Potions
 q - a potion of cancellation
 r - a potion of might
 A - 4 potions of curing
 G - a potion of haste


   Skills:
 + Level 7.9 Fighting
 + Level 3.3(7.4) Axes
 + Level 10.3(10.5) Polearms
 + Level 1.8 Throwing
 + Level 7.4 Armour
 + Level 5.8 Dodging
 + Level 4.1 Stealth
 + Level 4.7 Shields
 + Level 1.0 Unarmed Combat


You had 10 spell levels left.
You didn't know any spells.
Your spell library contained the following spells:

 Spells                   Type           Power      Damage    Failure   Level
 Freeze                   Ice            0%         1d3       96%         1
 Necrotise                Necr           0%         1d4       96%         1
 Ensorcelled Hibernation  Hex/Ice        0%         N/A       99%         2
 Call Canine Familiar     Summ           0%         N/A       100%        3
 Frozen Ramparts          Ice            0%         1d1       100%        3
 Gell's Gravitas          Tloc           0%         N/A       100%        3
 Lesser Beckoning         Tloc           0%         N/A       100%        3
 Portal Projectile        Hex/Tloc       0%         N/A       100%        3
 Spider Form              Tmut/Pois      0%         N/A       100%        3
 Stone Arrow              Conj/Erth      0%         3d7       100%        3
 Teleport Other           Tloc           0%         N/A       100%        3
 Vampiric Draining        Necr           0%         2d6       100%        3
 Anguish                  Hex/Necr       0%         N/A       100%        4
 Animate Armour           Summ/Erth      0%         N/A       100%        4
 Hailstorm                Conj/Ice       0%         3d3       100%        4
 Leda's Liquefaction      Hex/Erth       0%         N/A       100%        4
 Agony                    Necr           0%         N/A       100%        5
 Lehudib's Crystal Spear  Conj/Erth      0%         10d2      100%        8


Dungeon Overview and Level Annotations

Branches:
Dungeon (10/15)            Temple (1/1) D:5             Orc (0/2) D:10
   Lair: D:8-11

Altars:
Ashenzari
Cheibriados
Dithmenos
Fedhas
Gozag
Hepliaklqana
Kikubaaqudgha
Makhleb
Okawaru
Qazlal
Ru
Sif Muna
Trog
Uskayaw
Vehumet
Wu Jian
Xom
Yredelemnul

Shops:
D:5 *


Innate Abilities, Weirdness & Mutations

You have a pair of large antennae on your head. (SInv)
You are surrounded by a moderate repulsion field. (EV +3)
You regenerate magic rapidly.
A meltable shield of frost defends you. (SH +0)
You are clumsy. (Dex -2)
You are robust. (+10% HP)
Your muscles are strong. (Str +4, Int/Dex -1)


Message History

The fire dragon bites you but does no damage.
The fire dragon claws you!
* * * LOW HITPOINT WARNING * * *
The fire dragon tramples you but does no damage.
You hit the fire dragon but do no damage.
The fire dragon is moderately wounded.
The fire dragon completely misses you. The fire dragon barely misses you.
The fire dragon misses you.
A yak comes into view.
The yak bellows!
You hit the fire dragon but do no damage.
The fire dragon is moderately wounded.
The fire dragon closely misses you. x2
The fire dragon tramples you but does no damage.
You hit the fire dragon.
The fire dragon is moderately wounded.
The fire dragon bites you!!
* * * LOW HITPOINT WARNING * * *
Your corrosive artefact corrodes you!
The fire dragon claws you but does no damage.
The fire dragon tramples you but does no damage.
The ogre zombie closely misses you.
A yak comes into view.
There are monsters nearby!
The yak bellows!
You hit the fire dragon.
You feel better.
The fire dragon is moderately wounded.
The fire dragon misses you. The fire dragon completely misses you.
The fire dragon tramples you but does no damage.
A yak comes into view.
You feel better. The fire dragon completely misses you.
The fire dragon claws you.
* * * LOW HITPOINT WARNING * * *
The fire dragon completely misses you.
You feel very mighty all of a sudden.
The fire dragon bites you but does no damage.
The fire dragon barely misses you. The fire dragon tramples you!
* * * LOW HITPOINT WARNING * * *
You are shoved backwards!
The ogre zombie hits you!
You die...

.# ... #.##K. {{
####.##(#
#.......###
#......l..
####........##
#@ZY....Y....#
#D##..YY.Y...#
#.##.)...ยง...#####
#.##.........$.)..
#.######.###.####.
#.#####.## ##.# #.
#...D.).# .# #Y
#######.# .# #.
##.# ## ##


You could see a fire dragon (berserk, fast), 4 yaks and an ogre zombie.

Vanquished Creatures
  Fannar (D:10)
  2 centaur warriors (D:9)
  A boulder beetle (D:9)
  A wizard (D:9)
  An ugly thing (D:9)
  A cyclops (D:9)
  A tengu conjurer (D:9)
  A kobold demonologist (D:8)
  A troll (D:9)
  2 hornets
  A hornet (shapeshifter) (D:9)
  2 shadows
  A vampire (D:9)
  4 yaks (D:9)
  2 wyverns
  A vampire mosquito (D:9)
  A two-headed ogre zombie (D:10)
  A steam dragon (D:8)
  An acid dragon (D:9)
  A water moccasin (D:7)
  3 sky beasts (D:7)
  3 ogres
  4 black bears
  3 centaurs
  4 phantoms
  11 kobold brigands
  5 bullfrogs
  A gnoll sergeant (D:9)
  5 necrophages
  2 scorpions
  5 wights (D:8)
  4 killer bees (D:8)
  5 howler monkeys
  4 hounds
  5 jellies
  4 orc priests
  Jessica (D:3)
  5 iguanas
  7 orc wizards
  4 ogre zombies (D:10)
  12 gnolls
  2 adders (D:4)
  2 shadow imps (D:8)
  2 white imps
  An ufetubus (D:5)
  4 worms
  A dart slug (D:1)
  14 orcs
  3 ball pythons
  8 endoplasms
  2 giant cockroaches
  3 goblins (D:1)
  12 hobgoblins
  8 jackals
  3 quokkas
  A bat (D:2)
  2 frilled lizards
  A goblin skeleton (D:10)
  2 goblin zombies (D:10)
  2 hobgoblin skeletons (D:10)
  A hobgoblin zombie (D:10)
  29 kobolds
  11 kobold skeletons (D:8)
  7 kobold zombies (D:8)
  2 orc skeletons (D:10)
  10 orc zombies (D:10)
  10 rats
267 creatures vanquished.

Vanquished Creatures (others)
  A troll (D:9)
1 creature vanquished.

Grand Total: 268 creatures vanquished

Notes
Turn   | Place    | Note
-------+----------+-------------------------------------------
     0 | D:1      | Rigoremortis the Demonspawn Gladiator began the quest for
                  | the Orb.
     0 | D:1      | Reached XP level 1. HP: 16/16 MP: 1/1
   413 | D:1      | Gained mutation: You have a pair of small antennae on your
                  | head. [demonic ancestry]
   413 | D:1      | Reached XP level 2. HP: 16/22 MP: 2/2
  1213 | D:1      | You fall into a shaft and drop 1 floor!
  1369 | D:1      | Gained mutation: You are surrounded by a mild repulsion
                  | field. (EV +2) [demonic ancestry]
  1369 | D:1      | Reached XP level 3. HP: 5/28 MP: 3/3
  1912 | D:2      | Identified the ring "Deune" {Fly rF+ EV+4}
  2067 | D:2      | Found a blossoming altar of Fedhas.
  3003 | D:3      | Found a shimmering blue altar of Sif Muna.
  3540 | D:3      | Found a hazy altar of Hepliaklqana.
  3763 | D:3      | Noticed Jessica
  3768 | D:3      | Killed Jessica
  3769 | D:3      | Reached skill level 1 in Polearms
  3769 | D:3      | Reached skill level 1 in Armour
  3769 | D:3      | Gained mutation: A meltable shield of frost defends you.
                  | (SH +0) [demonic ancestry]
  3769 | D:3      | Reached XP level 4. HP: 27/34 MP: 4/4
  4046 | D:4      | Noticed a bullfrog
  4059 | D:4      | Killed a bullfrog
  4060 | D:4      | Reached skill level 1 in Stealth
  4060 | D:4      | Gained mutation: You have a pair of antennae on your head.
                  | [demonic ancestry]
  4060 | D:4      | Reached XP level 5. HP: 27/40 MP: 5/5
  4300 | D:4      | Reached skill level 2 in Polearms
  4307 | D:4      | Noticed an ogre
  4319 | D:4      | Killed an ogre
  4663 | D:4      | Gained mutation: You have a pair of large antennae on your
                  | head. (SInv) [demonic ancestry]
  4663 | D:4      | Reached XP level 6. HP: 47/47 MP: 6/6
  4750 | D:4      | Reached skill level 3 in Polearms
  5308 | D:5      | Entered Level 5 of the Dungeon
  5462 | D:5      | Reached XP level 7. HP: 29/53 MP: 7/7
  5706 | D:5      | Found a staircase to the Ecumenical Temple.
  5749 | D:5      | Reached skill level 1 in Shields
  5758 | Temple   | Entered the Ecumenical Temple
  5963 | D:5      | Reached skill level 4 in Polearms
  6520 | D:5      | Found Fassic's Neck Hole.
  6531 | D:5      | Bought a +0 cloak for 54 gold pieces
  6630 | D:5      | Gained mutation: You regenerate magic rapidly. [demonic
                  | ancestry]
  6630 | D:5      | Reached XP level 8. HP: 24/61 MP: 8/8
  6827 | D:5      | Found a stormy altar of Qazlal.
  6827 | D:5      | Found a snail-covered altar of Cheibriados.
  7146 | D:6      | Reached skill level 5 in Polearms
  7426 | D:6      | Found a shadowy altar of Dithmenos.
  7488 | D:6      | Found a shimmering altar of Xom.
  8006 | D:7      | Reached skill level 5 in Fighting
  8006 | D:7      | Reached skill level 6 in Polearms
  8118 | D:7      | Reached XP level 9. HP: 68/68 MP: 9/9
  8175 | D:7      | Reached skill level 5 in Dodging
  8367 | D:7      | Found an ancient bone altar of Kikubaaqudgha.
  8612 | D:7      | Gained mutation: Your muscles are strong. (Str +4, Int/Dex
                  | -1) [potion of mutation]
  8612 | D:7      | Gained mutation: You are clumsy. (Dex -2) [potion of
                  | mutation]
  8612 | D:7      | Gained mutation: You are robust. (+10% HP) [potion of
                  | mutation]
  9007 | D:7      | Found a hide-covered altar of Uskayaw.
  9153 | D:8      | Reached skill level 5 in Armour
  9332 | D:8      | Identified the +8 chain mail of Gehenna {*Corrode rF+++
                  | Regen+ Stlth+}
  9547 | D:8      | Reached skill level 7 in Polearms
  9833 | D:8      | Reached skill level 8 in Polearms
  9859 | D:8      | Noticed a kobold demonologist
  9861 | D:8      | Found an ancient bone altar of Kikubaaqudgha.
  9873 | D:8      | Noticed a hellwing
  9877 | D:8      | Killed a kobold demonologist
  9878 | D:8      | Gained mutation: You are surrounded by a moderate repulsion
                  | field. (EV +3) [demonic ancestry]
  9878 | D:8      | Reached XP level 10. HP: 75/84 MP: 10/10
 10313 | D:9      | Noticed a centaur warrior
 10313 | D:9      | Noticed a centaur warrior
 10313 | D:9      | Noticed a boulder beetle
 10318 | D:9      | Noticed a cyclops
 10335 | D:9      | Killed a centaur warrior
 10346 | D:9      | Noticed a green ugly thing
 10357 | D:9      | Killed a centaur warrior
 10358 | D:9      | Reached skill level 9 in Polearms
 10366 | D:9      | Killed a cyclops
 10391 | D:9      | Killed a green ugly thing
 10441 | D:9      | Killed a boulder beetle
 10552 | D:9      | Reached XP level 11. HP: 92/92 MP: 11/11
 10575 | D:9      | Reached skill level 1 in Unarmed Combat
 10656 | D:9      | Noticed an orc knight
 10665 | D:9      | an orc knight changed into a shapeshifter
 10683 | D:9      | Noticed a wizard
 10697 | D:9      | Killed a wizard
 10833 | D:9      | Found a sacrificial altar of Ru.
 11135 | D:9      | Reached skill level 10 in Polearms
 11266 | D:10     | Entered Level 10 of the Dungeon
 11371 | D:10     | Found a staircase to the Orcish Mines.
 11375 | D:10     | Noticed Fannar
 11591 | D:10     | Noticed a fire dragon
 11613 | D:10     | Killed Fannar
 11655 | D:10     | HP: 3/94 [fire dragon (20)]
 11658 | D:10     | Slain by an ogre zombie

Illustrated notes

Levels and vault maps discovered:
D:1:      dpeg_arrival_morbid_curiosity, layout_basic, serial_forest,
          infiniplex_forest_straight_2, infiniplex_forest_clump_small,
          infiniplex_forest_corner_1, infiniplex_forest_straight_4,
          infiniplex_forest_end_2, infiniplex_forest_fountain,
          infiniplex_forest_corner_2, infiniplex_forest_lined_corner,
          minmay_cut_off
D:2:      layout_basic, basic_altar, grunt_decor_arrowhead
D:3:      layout_basic, led_sif_book, nzn_hepliaklqana_mist_gate, uniq_jessica
D:4:      minmay_inner_zag, layout_rooms, lemuel_tele_altar
D:5:      layout_loops_ring, gammafunk_temple_overflow_elements,
          minmay_temple_entry_wispy, nicolae_shop_sticking_my_neck_out
D:6:      layout_gridville, lemuel_doored_altar,
          nicolae_dithmenos_through_a_glass_darkly, st_stairs_11
D:7:      layout_cave_pods, kiku_gazebo_pond_becter, nicolae_uskayaw_suspiria
D:8:      wander_kiku_kobolds, layout_loops_ring
D:9:      minmay_the_grid_plus [minmay_the_grid_odd_star,
          minmay_the_grid_armoury, minmay_the_grid_small_cups,
          minmay_the_grid_stretched_grid, minmay_the_grid_prize_inner_circle],
          layout_rooms, nicolae_ru_sacrificial_ziggurat
D:10:     layout_loops_ring, fedhas_altar_2, mainiacjoe_overflow_catwalk,
          zombieorc2_lemuel, uniq_fannar
Temple:   zaba_magenta_temple

Skill      XL: |  1  2  3  4  5  6  7  8  9 10 11 |
---------------+----------------------------------+-----
Axes           | 3 |  3.3
Dodging        | 3 4 5 |  5.8
Polearms       | 1 2 3 4 6 8 9 10 | 10.3
Armour         | 1 2 3 4 5 6 7 |  7.4
Stealth        | 1 2 3 4 |  4.1
Fighting       | 3 4 5 6 7 |  7.9
Shields        | 1 2 3 4 |  4.7
Unarmed Combat | 1 |  1.0
Throwing       | |  1.8

Action                   |  1- 3 |  4- 6 |  7- 9 | 10-12 || total
-------------------------+-------+-------+-------+-------++-------
Melee: War axe           |    67 |       |       |       ||    67
       Spear             |    66 |   140 |   490 |   602 ||  1298
       Punch             |     1 |     3 |     8 |     8 ||    20
       Unarmed           |       |       |       |    19 ||    19
  Use: Scroll            |       |    12 |     2 |     4 ||    18
       Potion            |       |     6 |     4 |     6 ||    16
 Stab: Sleeping          |     2 |       |       |       ||     2
       Petrified         |       |       |       |    12 ||    12
       Petrifying        |       |       |       |     1 ||     1
       Invisible         |       |       |       |     7 ||     7
       Paralysed         |       |       |       |     2 ||     2
       Confused          |       |       |       |     1 ||     1
Armor: Leather armour    |    40 |       |       |       ||    40
       Scale mail        |     2 |    23 |    43 |       ||    68
       Plate armour      |       |       |    34 |       ||    34
       Chain mail        |       |       |    58 |   236 ||   294
       Skin              |       |       |       |     3 ||     3
Dodge: Dodged            |   100 |    74 |   350 |   445 ||   969
Block: Other             |       |    27 |    76 |    69 ||   172
